 Dungeon Crawl Stone Soup version 0.32-a0-913-g739538afd8 (webtiles) character file.

Game seed: 11419947904399112417

8957 shadizar the Thaumaturge (level 11, -1/79 HPs)
             Began as a Djinni Conjurer on Apr 9, 2024.
             Was a Follower of Makhleb.
             Killed from afar by an efreet (3 damage)
             ... with a bolt of fire
             ... on level 1 of the Abyss.
             The game lasted 00:14:31 (10743 turns).

shadizar the Thaumaturge (Djinni Conjurer)         Turns: 10743, Time: 00:14:32

Health: -1/79      AC:  8    Str:  6    XL:     11   Next: 65%
Gold:   372        EV: 18    Int: 24    God:    Makhleb [*.....] SH:  4 Dex: 12

rFire   + + .        a - staff of conjuration
rCold   x . .        u - +0 buckler
rNeg    . . .        c - +0 steam dragon scales
rPois   ∞            l - +1 helmet
rElec   .            (no cloak)
rCorr   .            (no gloves)
SInv    .            (boots unavailable)
Will    .....        (no amulet)
Stlth   ++           i - +5 ring of evasion
HPRegen 0.33/turn    (no ring)

%: infuse magic (-2 HP)
@: weak-willed, flying
A: sickness immunity, fire resistance 2, cold vulnerability 1, float, innate
caster, HP casting, extra vitality 1
a: Renounce Religion


You were on level 1 of the Abyss.
You worshipped Makhleb.
Makhleb was aware of your devotion.
You visited 2 branches of the dungeon, and saw 10 of its levels.
You visited the Abyss 1 time.

You collected 511 gold pieces.
You spent 139 gold pieces at shops.

Inventory:

Armour
 c - +0 steam dragon scales (worn)
 l - a +1 helmet (worn)
 n - a +0 leather armour of cold resistance
 u - a +0 buckler (worn)
Magical Staves
 a - a staff of conjuration (weapon)
 j - a staff of death
Jewellery
 i - a +5 ring of evasion (left hand)
Wands
 f - a wand of roots (14)
 m - a wand of flame (23)
 s - a wand of digging (3)
Scrolls
 b - 2 scrolls of teleportation
 g - 2 scrolls of blinking
 o - a scroll of identify
 p - 3 scrolls of revelation
 r - a scroll of fear {unknown}
 t - a scroll of silence {unknown}
Potions
 d - a potion of enlightenment
 e - a potion of resistance {unknown}
 h - a potion of brilliance {unknown}
 k - 2 potions of cancellation
 v - 3 potions of heal wounds {unknown}
 z - a potion of might


   Skills:
 + Level 7.3 Fighting
 - Level 4.1 Armour
 - Level 8.1 Dodging
 - Level 4.0 Stealth
 + Level 1.6 Shields
 * Level 10.6 Spellcasting
 * Level 10.6 Conjurations
 * Level 10.6 Hexes
   Level 0.0 Charms
 * Level 10.6 Summonings
 * Level 10.6 Necromancy
 * Level 10.6 Translocations
   Level 0.0 Transmutations
 * Level 10.6 Fire Magic
 * Level 10.6 Ice Magic
 * Level 10.6 Air Magic
 * Level 10.6 Earth Magic
 * Level 10.6 Alchemy


You knew the following spells:

 Your Spells              Type           Power      Damage    Failure   Level
a - Magic Dart            Conj           100%       1d8       1%          1
b - Searing Ray           Conj           100%       2d8       1%          2
c - Fulminant Prism       Conj/Alch      38%        3d17      1%          4
d - Iskenderun's Mystic   Conj/Tloc      77%        2d15      (+2d81%     4
e - Freeze                Ice            100%       1d10      1%          1
f - Momentum Strike       Conj/Tloc      100%       3d10      1%          2
g - Sigil of Binding      Hex            59%        N/A       1%          3
h - Volatile Blastmotes   Fire/Tloc      100%       2d18      1%          3
i - Summon Lightning Spi  Summ/Air       59%        N/A       1%          4
Your spell library was empty.

Dungeon Overview and Level Annotations

Branches:
Dungeon (9/15)             Temple (1/1) D:7
   Lair: D:8-11         Orc: D:9-12

Altars:
Ashenzari
Cheibriados
Dithmenos
Fedhas
Gozag
Hepliaklqana
Makhleb
Nemelex Xobeh
Okawaru
Qazlal
Ru
Trog
Uskayaw
Wu Jian
Xom
Zin
The Shining One

Shops:
D:6 (!?:   D:9 *(

Annotations:
D:4 1 runed translucent door, Konar's ghost, novice CoHu
D:9 Erolcha


Innate Abilities, Weirdness & Mutations

You are immune to sickness and miasma.
You are immune to poison.
Your flesh is very heat resistant. (rF++)
You are vulnerable to cold. (rC-)
You float through the air rather than walking.
You learn spells naturally, not from books.
Your magical power is your life essence.
You have superior vitality. (+4 MHP)


Message History

Unknown command.
Unknown command.
Unknown command.
You feel better.
Your extra speed is starting to run out.
You feel yourself slow down.
A cacodemon comes into view.
The cacodemon shouts!
The cacodemon gestures at you.
Your body becomes as fragile as glass!
The cacodemon gestures at you. The bolt of devastation hits you!
Your willpower is stripped away!
The cacodemon gestures at you. The bolt of devastation misses you.
The cacodemon gestures at the rock wall.
You hear a grinding noise.
You feel your willpower return.
Some rock shatters into small pieces.
You feel less fragile.
You hear a grinding noise.
Some rock shatters into small pieces.
The cacodemon gestures at you.
Your body becomes as fragile as glass!
A chaos spawn comes into view.
The cacodemon gestures at the rock wall.
You hear a grinding noise.
You feel less fragile. The efreet gestures at you. The bolt of fire hits you.
You resist.
The chaos spawn screeches!
Some rock shatters into small pieces.
Some rock shatters into small pieces.
A bone dragon comes into view.
The cacodemon gestures at you. The bolt of devastation hits you!!!
Your willpower is stripped away!
Ouch! That really hurt!
* * * LOW HITPOINT WARNING * * *
The efreet gestures at you. The bolt of fire hits you. You resist.
You die...

#.. ..#...
....... .......
... .... . ..#
###.####..#
#@4.......# .#
#...☼.....#
....#..R.☼....#
...........2...#
.....#.........#
.
...######.##...#
.... ##....#..#
.... ..##.##.
..# ..# .


You could see a cacodemon, an efreet and a chaos spawn.

Vanquished Creatures
  3 two-headed ogres
  Grinder (D:3)
  Prince Ribbit (D:6)
  A hornet (D:7)
  11 yaks
  2 wyverns
  A steam dragon (D:7)
  6 water moccasins
  Duvessa (D:5)
  5 sky beasts (D:7)
  A crocodile (D:7)
  6 centaurs
  2 ogres
  A phantom (D:5)
  A kobold brigand (D:8)
  3 scorpions (D:5)
  A wyvern zombie (D:7)
  A bullfrog (D:7)
  A wyvern skeleton (D:7)
  17 wights
  Dowan (D:5)
  3 burial acolytes (D:7)
  A killer bee (D:7)
  A howler monkey (D:9)
  2 jellies
  A hound (D:4)
  A human zombie (D:7)
  3 orc priests
  3 bombardier beetles
  2 gnoll boudas
  A centaur skeleton (D:7)
  5 iguanas
  A sleepcap (D:7)
  Jessica (D:3)
  Ijyb (D:3)
  4 orc wizards
  2 killer bee zombies (D:7)
  8 gnolls
  A howler monkey zombie (D:7)
  10 adders
  A howler monkey skeleton (D:7)
  2 white imps
  5 dart slugs
  26 orcs
  7 ball pythons
  7 bats
  10 endoplasms
  4 giant cockroaches
  8 goblins
  11 hobgoblins
  4 quokkas
  8 kobolds
  6 rats
217 creatures vanquished.

Vanquished Creatures (others)
  6 fulminant prisms
6 creatures vanquished.

Grand Total: 223 creatures vanquished

Notes
Turn   | Place    | Note
-------+----------+-------------------------------------------
     0 | D:1      | shadizar the Djinni Conjurer began the quest for the Orb.
     0 | D:1      | shadizar set off with the following spells memorised: Magic
                  | Dart, Searing Ray, Fulminant Prism, Iskenderun's Mystic
                  | Blast.
     0 | D:1      | Reached XP level 1. HP: 15/15 MP: 0/0
    59 | D:1      | Reached XP level 2. HP: 11/21 MP: 0/0
   277 | D:1      | Reached XP level 3. HP: 11/25 MP: 0/0
   277 | D:1      | Learned a level 1 spell: Freeze
   366 | D:1      | You are sucked into a shaft and drop 1 floor!
  1084 | D:2      | Reached XP level 4. HP: 30/31 MP: 0/0
  1418 | D:1      | Found a faded altar of an unknown god.
  2047 | D:3      | Noticed a centaur
  2066 | D:3      | Killed a centaur
  2067 | D:3      | Reached skill level 5 in Spellcasting
  2067 | D:3      | Reached skill level 5 in Conjurations
  2067 | D:3      | Reached skill level 5 in Hexes
  2067 | D:3      | Reached skill level 5 in Summonings
  2067 | D:3      | Reached skill level 5 in Necromancy
  2067 | D:3      | Reached skill level 5 in Translocations
  2067 | D:3      | Reached skill level 5 in Fire Magic
  2067 | D:3      | Reached skill level 5 in Ice Magic
  2067 | D:3      | Reached skill level 5 in Air Magic
  2067 | D:3      | Reached skill level 5 in Earth Magic
  2067 | D:3      | Reached skill level 5 in Alchemy
  2067 | D:3      | Reached XP level 5. HP: 3/35 MP: 0/0
  2067 | D:3      | Learned a level 2 spell: Momentum Strike
  2269 | D:3      | Noticed Ijyb
  2272 | D:3      | Noticed Jessica
  2276 | D:3      | Killed Ijyb
  2288 | D:3      | Killed Jessica
  2289 | D:3      | Reached XP level 6. HP: 12/40 MP: 0/0
  2450 | D:3      | Noticed Grinder
  2465 | D:3      | Killed Grinder
  2466 | D:3      | Reached XP level 7. HP: 17/45 MP: 0/0
  2466 | D:3      | Learned a level 3 spell: Sigil of Binding
  2710 | D:3      | Found a shadowy altar of Dithmenos.
  3375 | D:4      | Found a runed translucent door.
  3375 | D:4      | Noticed Konar's ghost (novice CoHu)
  3755 | D:4      | Reached XP level 8. HP: 49/51 MP: 0/0
  4115 | D:4      | Found a blossoming altar of Fedhas.
  4118 | D:4      | Found an ornate altar of the Wu Jian Council.
  4165 | D:5      | Entered Level 5 of the Dungeon
  4204 | D:5      | Reached skill level 1 in Fighting
  4448 | D:5      | Found a snail-covered altar of Cheibriados.
  5110 | D:5      | Noticed Duvessa
  5117 | D:5      | Noticed Dowan
  5117 | D:5      | Killed Duvessa
  5121 | D:5      | Killed Dowan
  5508 | D:5      | Reached XP level 9. HP: 48/59 MP: 0/0
  5508 | D:5      | Learned a level 3 spell: Volatile Blastmotes
  6021 | D:6      | Found Ygagoch's Magic Scroll Shop.
  6031 | D:6      | Found Kisuil's Book Boutique.
  6402 | D:6      | Noticed a rust devil
  6403 | D:6      | Noticed a rust devil
  6437 | D:6      | Found Fagea's Antique Weapon Shoppe.
  6448 | D:6      | Noticed Prince Ribbit
  6457 | D:6      | Killed Prince Ribbit
  6791 | D:6      | Reached skill level 5 in Dodging
  6821 | D:6      | Found Saos's Distillery.
  6993 | D:6      | Found a hide-covered altar of Uskayaw.
  7435 | D:7      | Reached skill level 1 in Armour
  7759 | D:7      | Reached XP level 10. HP: 59/68 MP: 0/0
  7865 | D:7      | Found a staircase to the Ecumenical Temple.
  7893 | Temple   | Entered the Ecumenical Temple
  7931 | Temple   | Became a worshipper of Makhleb the Destroyer
  8110 | D:7      | Reached skill level 5 in Fighting
  9077 | D:7      | Noticed a two-headed ogre
  9077 | D:7      | Noticed a two-headed ogre
  9085 | D:7      | Killed a two-headed ogre
  9088 | D:7      | Killed a two-headed ogre
  9089 | D:7      | Reached XP level 11. HP: 58/76 MP: 0/0
  9089 | D:7      | Learned a level 4 spell: Summon Lightning Spire
  9223 | D:8      | Reached * piety under Makhleb
  9224 | D:8      | Reached skill level 10 in Spellcasting
  9224 | D:8      | Reached skill level 10 in Conjurations
  9224 | D:8      | Reached skill level 10 in Hexes
  9224 | D:8      | Reached skill level 10 in Summonings
  9224 | D:8      | Reached skill level 10 in Necromancy
  9224 | D:8      | Reached skill level 10 in Translocations
  9224 | D:8      | Reached skill level 10 in Fire Magic
  9224 | D:8      | Reached skill level 10 in Ice Magic
  9224 | D:8      | Reached skill level 10 in Air Magic
  9224 | D:8      | Reached skill level 10 in Earth Magic
  9224 | D:8      | Reached skill level 10 in Alchemy
  9436 | D:8      | Found a shimmering altar of Xom.
  9977 | D:9      | Noticed a two-headed ogre
  9985 | D:9      | Killed a two-headed ogre
 10096 | D:9      | Found Didekab's Assorted Antiques.
 10104 | D:9      | Bought a buckler for 139 gold pieces
 10202 | D:9      | Found Foufanku's Weapon Shoppe.
 10480 | D:9      | Reached skill level 1 in Shields
 10581 | D:9      | Noticed Erolcha
 10581 | Abyss:1  | Cast into level 1 of the Abyss (Erolcha)
 10621 | Abyss:1  | Noticed a glowing orange brain
 10636 | Abyss:1  | Noticed a thrashing horror
 10641 | Abyss:1  | Found a snail-covered altar of Cheibriados.
 10699 | Abyss:1  | Noticed a cacodemon
 10740 | Abyss:1  | Noticed a bone dragon
 10740 | Abyss:1  | HP: 1/79 [cacodemon/bolt of devastation (44)]
 10743 | Abyss:1  | Killed from afar by an efreet

Illustrated notes

Levels and vault maps discovered:
D:1:      psy_arrival_statuary, layout_loops_ring,
          ebering_ecumenical_altar_sacrificial, minmay_misc_feat_iff,
          kennysheep_flooded_box
D:2:      layout_basic
D:3:      layout_basic, lemuel_round_altar, hangedman_decor_push, uniq_grinder,
          uniq_jessica, uniq_ijyb
D:4:      layout_loops_cross, jmf_multi_god_temple2, gammafunk_ghost_grave,
          minmay_misc_feat_five, saegor_snake_ambush
D:5:      layout_layer_cave, cheibriados_altar_1, uniq_duvessa
D:6:      cheibrodos_iron_armory, layout_gridville, kennysheep_mini,
          serial_shops, nicolae_shop_industrial_runoff,
          nicolae_shop_temple_entry_statues_fountains, nicolae_shop_waterfront,
          shop, hangedman_abyss_or_decor_slice, uniq_prince_ribbit1
D:7:      regret_index_malice_mire, layout_basic,
          lemuel_mausoleum_altar_kikubaaqudgha, minmay_temple_entry_waves
D:8:      layout_rooms, mainiacjoe_overflow_boulevard
D:9:      layout_loops_ring, serial_shops, nicolae_shop_back_alley_shop, shop,
          shop, uniq_erolcha
Temple:   nicolae_temple_figure_eight
Abyss:1:  base: D:6, abyss_greek_temple

Skill      XL: |  1  2  3  4  5  6  7  8  9 10 11 |
---------------+----------------------------------+-----
Spellcasting   | 4 5 6 7 8 9 10 | 10.6
Conjurations   | 4 5 6 7 8 9 10 | 10.6
Hexes          | 4 5 6 7 8 9 10 | 10.6
Summonings     | 4 5 6 7 8 9 10 | 10.6
Necromancy     | 4 5 6 7 8 9 10 | 10.6
Translocations | 4 5 6 7 8 9 10 | 10.6
Fire Magic     | 4 5 6 7 8 9 10 | 10.6
Ice Magic      | 4 5 6 7 8 9 10 | 10.6
Air Magic      | 4 5 6 7 8 9 10 | 10.6
Earth Magic    | 4 5 6 7 8 9 10 | 10.6
Alchemy        | 4 5 6 7 8 9 10 | 10.6
Fighting       | 2 4 6 7 |  7.3
Stealth        | 3 4 |  4.0
Dodging        | 4 5 7 8 |  8.1
Armour         | 2 4 |  4.1
Shields        | 1 |  1.6

Action                     |  1- 3 |  4- 6 |  7- 9 | 10-12 || total
---------------------------+-------+-------+-------+-------++-------
   Cast: Magic Dart        |    81 |    55 |   230 |   161 ||   527
         Freeze            |       |    13 |       |       ||    13
         Fulminant Prism   |       |     2 |     3 |     1 ||     6
         Iskenderun's Myst |       |     2 |    61 |    80 ||   143
    Use: Potion            |       |     1 |       |     2 ||     3
         Scroll            |       |       |    15 |     3 ||    18
 Armour: Robe              |     7 |    18 |    26 |       ||    51
         Skin              |       |     5 |       |       ||     5
         Leather armour    |       |       |     2 |     1 ||     3
         Steam dragon scal |       |       |       |    18 ||    18
  Dodge: Dodged            |     7 |    14 |    20 |    38 ||    79
  Block: Buckler           |       |       |       |     2 ||     2

Table legend: (Time is in decaauts)
 A = Elapsed time spent in this place.
 B = Non-inter-level travel time spent in this place.
 C = Inter-level travel time spent in this place.
 D = Time resting spent in this place.
 E = Time spent auto-exploring this place.
 F = Levels seen in this place.
 G = Mean time per level.
                   A        B        C        D        E       F      G
               +--------+--------+--------+--------+--------+-----+--------+
         Total |  10722 |  10413 |    309 |      0 |   8844 |  11 |  974.7 |
       Dungeon |  10506 |  10264 |    242 |      0 |   8844 |   9 | 1167.3 |
        Temple |     74 |      7 |     67 |      0 |      0 |   1 |   74.0 |
         Abyss |    141 |    141 |      0 |      0 |      0 |   1 |  141.0 |
               +--------+--------+--------+--------+--------+-----+--------+

Top non-repeatable levels by time:
     D:7: 1856 daAuts
     D:5: 1855 daAuts
     D:6: 1260 daAuts
     D:4: 1256 daAuts
     D:2: 1042 daAuts
     D:1: 975 daAuts
     D:3: 892 daAuts
     D:8: 711 daAuts
     D:9: 654 daAuts
 Abyss:1: 141 daAuts
  Temple: 74 daAuts
